[Event "Titled Tuesday Blitz January 10 Early 2023"]
[White "Jakubowski, Krzysztof"]
[Black "Sai Han Thiha"]
[WhiteFideId "1112848"]
[BlackFideId "13012290"]
[WhiteElo "2486"]
[BlackElo "2070"]
[Result "1-0"]
[Round "10"]
[TimeControl "180+2"]
[Date "2023.01.10"]
[WhiteClock "0:00:57"]
[BlackClock "0:00:03"]

1. e4 c6 2. d4 d5 3. exd5 cxd5 4. Bd3 Nc6 5. c3 Nf6 6. Bf4 Bg4 7. Qb3 Qd7 8. Nd2 e6 9. Ngf3 Bd6 10. Bxd6 Qxd6 11. O-O O-O 12. Rfe1 Ne7 13. Ne5 Bf5 14. Re2 b5 15. a3 Rab8 16. Qb4 Qc7 17. Bxf5 Nxf5 18. Nd3 Nd7 19. Nb3 Nd6 20. a4 bxa4 21. Qxa4 Nb6 22. Qa5 Ndc4 23. Qxa7 Qxa7 24. Rxa7 Nc8 25. Rc7 Rxb3 26. Nc5 Rxb2 27. Rxb2 Nxb2 28. Nd7 Rd8 29. Ne5 Nd6 30. Nc6 Re8 31. f3 Nbc4 32. Kf2 g6 33. h4 h5 34. g4 Kg7 35. Kg3 hxg4 36. Kxg4 Ne3+ 37. Kf4 Nef5 38. Ne5 Nxh4 39. Rd7 Nhf5 40. Kg4 Re7 41. Rd8 Re8 42. Rd7 Rh8 43. f4 Nh6+ 44. Kf3 Ne4 45. Rc7 Rd8 46. c4 1-0


[Site "https://www.chess.com"]

[Event "Titled Tuesday Blitz January 10 Early 2023"]
[White "Flynn, Jacob"]
[Black "Royal, Shreyas"]
[WhiteFideId "2509393"]
[BlackFideId "448869"]
[WhiteElo "2102"]
[BlackElo "2438"]
[Result "0-1"]
[Round "10"]
[TimeControl "180+2"]
[Date "2023.01.10"]
[WhiteClock "0:00:02"]
[BlackClock "0:00:31"]

1. d4 d5 2. c4 e6 3. Nc3 Nf6 4. cxd5 exd5 5. Bg5 Bb4 6. e3 h6 7. Bh4 Bf5 8. Qb3 Bxc3+ 9. bxc3 Nbd7 10. Nf3 O-O 11. Be2 Rb8 12. O-O c6 13. Bg3 Rc8 14. Qxb7 Ne4 15. Rfc1 Nb6 16. Qa6 Nxg3 17. hxg3 Qd6 18. a4 Be4 19. a5 Nd7 20. Nd2 Bf5 21. c4 dxc4 22. Nxc4 Qg6 23. Nb2 Be4 24. Bd3 Nf6 25. Bxe4 Nxe4 26. Nd3 Qf5 27. Ra2 h5 28. Ne5 c5 29. Nf3 cxd4 30. Rxc8 Rxc8 31. Nxd4 Rc1+ 32. Kh2 Nxf2 33. Rxf2 Qxf2 34. Nf3 Qxe3 35. Qd6 Kh7 36. a6 Ra1 37. Qd5 Kg6 38. Ne5+ Kf6 0-1


[Site "https://www.chess.com"]

[Event "Titled Tuesday Blitz January 10 Early 2023"]
[White "Karabalis, Harilos"]
[Black "Bodnaruk, Anastasia"]
[WhiteFideId "4621808"]
[BlackFideId "4181751"]
[WhiteElo "2252"]
[BlackElo "2350"]
[Result "0-1"]
[Round "10"]
[TimeControl "180+2"]
[Date "2023.01.10"]
[WhiteClock "0:00:01"]
[BlackClock "0:00:45"]

1. c4 e5 2. Nc3 d6 3. g3 Nc6 4. Bg2 g6 5. e4 Bg7 6. Nge2 f5 7. d3 Nf6 8. Nd5 O-O 9. Bg5 Be6 10. Qd2 Qd7 11. O-O Nh5 12. b4 Nd8 13. exf5 gxf5 14. f4 c6 15. fxe5 dxe5 16. Ne3 f4 17. gxf4 exf4 18. Rae1 fxe3 19. Qxe3 Rxf1+ 20. Rxf1 Nf7 21. d4 Re8 22. Qf3 Nxg5 23. Qxh5 Bf7 24. Qxg5 Rxe2 25. d5 cxd5 26. Kh1 dxc4 27. Rxf7 Kxf7 28. Bd5+ Kf8 29. Qf4+ Ke7 30. Qg5+ Bf6 31. Qh5 Rf2 0-1


[Site "https://www.chess.com"]

[Event "Titled Tuesday Blitz January 10 Early 2023"]
[White "Sourath Biswas"]
[Black "Manukian, Artak"]
[WhiteFideId "35091484"]
[BlackFideId "13301373"]
[WhiteElo "2281"]
[BlackElo "2196"]
[Result "1-0"]
[Round "10"]
[TimeControl "180+2"]
[Date "2023.01.10"]
[WhiteClock "0:00:23"]
[BlackClock "0:01:12"]

1. d4 d5 2. Bf4 Nf6 3. e3 Bg4 4. Qd3 c6 5. Qb3 Qb6 6. c4 e6 7. c5 Qxb3 8. axb3 Nh5 9. Bc7 Kd7 10. Bxb8 Rxb8 11. Nc3 a6 12. h3 Bf5 13. g4 Bg6 14. gxh5 Bxh5 15. Nge2 f5 16. Nf4 Bf7 17. Nd3 g5 18. f4 h6 19. Ne5+ Ke8 20. Be2 Be7 21. Kd2 Rg8 22. Rag1 Bf6 23. Na4 Ke7 24. Nb6 Rbd8 25. b4 Rg7 26. Kc3 Rdg8 27. Nbd7 gxf4 28. Rxg7 Rxg7 29. exf4 Bh4 30. Nxf7 Kxf7 31. Ne5+ Kf6 32. Rf1 Rg2 33. Bd3 Rh2 34. Nf3 Rxh3 35. Nxh4 Rxh4 36. Kd2 h5 37. Ke3 Rh3+ 38. Rf3 Rh2 39. Be2 h4 40. Rf2 Rh3+ 41. Bf3 Rg3 42. Rg2 Rxg2 43. Bxg2 Ke7 44. Bf3 Kd7 45. Kf2 Kc7 46. Kg2 b6 47. Kh3 bxc5 48. bxc5 a5 49. Be2 Kb7 50. Kxh4 a4 51. Kg5 1-0


[Site "https://www.chess.com"]

[Event "Titled Tuesday Blitz January 10 Early 2023"]
[White "Fiorito, Joaquin"]
[Black "Sanchez, Robert"]
[WhiteFideId "180173"]
[BlackFideId "2034360"]
[WhiteElo "2405"]
[BlackElo "1966"]
[Result "0-1"]
[Round "10"]
[TimeControl "180+2"]
[Date "2023.01.10"]
[WhiteClock "0:00:06"]
[BlackClock "0:00:04"]

1. d4 Nf6 2. Nc3 e6 3. Bf4 d5 4. Nb5 Na6 5. e3 c6 6. Nc3 Bb4 7. Bxa6 bxa6 8. Nf3 Ne4 9. O-O Nxc3 10. bxc3 Bxc3 11. Rb1 O-O 12. Ne5 c5 13. Qd3 Bb4 14. c3 c4 15. Nxc4 dxc4 16. Qe4 Qd5 17. Qxd5 exd5 18. Rxb4 h6 19. f3 Re8 20. Rfb1 Bf5 21. Re1 g5 22. Be5 Re6 23. Kf2 f6 24. Bg3 h5 25. Bc7 Rc8 26. Ba5 Re7 27. h3 h4 28. Rb2 Bd3 29. Rb4 Rce8 30. Ra4 f5 31. Bb4 Re6 32. Ra5 Rd8 33. Rc5 Kf7 34. Ba5 Rde8 35. Bb4 f4 36. Rxd5 Rxe3 37. Rxe3 Rxe3 38. Rxg5 Re2+ 39. Kg1 Rxa2 40. Rg4 a5 41. Rxf4+ Ke6 42. Bc5 a4 43. Rf8 a3 44. Re8+ Kd7 45. Re1 Rc2 46. Bxa3 Rxc3 47. Bc5 a5 48. Ra1 Rb3 49. Kf2 Rb2+ 50. Ke3 Rxg2 51. Rxa5 Ke6 52. Ra6+ Kf5 53. Be7 Re2# 0-1


[Site "https://www.chess.com"]

[Event "Titled Tuesday Blitz January 10 Early 2023"]
[White "Gjestemoen-VonHirsch, Andre"]
[Black "Aaditya Dhingra"]
[WhiteFideId "1539531"]
[BlackFideId "25678191"]
[WhiteElo "2314"]
[BlackElo "2027"]
[Result "1-0"]
[Round "10"]
[TimeControl "180+2"]
[Date "2023.01.10"]
[WhiteClock "0:01:24"]
[BlackClock "0:00:55"]

1. d4 d5 2. Nf3 Nf6 3. Bf4 e6 4. e3 Bd6 5. Bg3 O-O 6. Nbd2 c5 7. c3 Nc6 8. Bd3 b6 9. Qe2 Bb7 10. Rd1 Qc7 11. e4 dxe4 12. Nxe4 Nxe4 13. Qxe4 g6 14. dxc5 bxc5 15. Bxd6 Qxd6 16. Ba6 Qc7 17. Bxb7 Qxb7 18. Ne5 Rac8 19. O-O Qc7 20. Nd7 Rfd8 21. Nxc5 Qb6 22. b4 Ne7 23. Qe5 Nd5 24. Rd3 a5 25. a3 axb4 26. axb4 Ra8 27. Rfd1 Re8 28. Nd7 Qc6 29. Rxd5 exd5 30. Nf6+ Kf8 31. Nxh7+ Kg8 32. Nf6+ Kf8 33. Nxe8 Rxe8 34. Qh8+ Ke7 35. Re1+ 1-0


[Site "https://www.chess.com"]

[Event "Titled Tuesday Blitz January 10 Early 2023"]
[White "Fathy, Elameir"]
[Black "Le Ruyet, Leopold"]
[WhiteFideId "10600396"]
[BlackFideId "645923"]
[WhiteElo "2300"]
[BlackElo "2245"]
[Result "0-1"]
[Round "10"]
[TimeControl "180+2"]
[Date "2023.01.10"]
[WhiteClock "0:00:03"]
[BlackClock "0:00:05"]

1. d4 Nf6 2. c4 g6 3. Nc3 Bg7 4. e4 d6 5. Nf3 O-O 6. Be2 e5 7. d5 a5 8. Bg5 h6 9. Be3 Ng4 10. Bd2 f5 11. h3 Nf6 12. exf5 gxf5 13. g4 f4 14. g5 hxg5 15. Qc2 Qd7 16. O-O-O Na6 17. a3 Nc5 18. Nxg5 Qf5 19. Qxf5 Bxf5 20. b4 axb4 21. axb4 Nb3+ 22. Kb2 Nd4 23. Rhg1 Nxe2 24. Nxe2 Ne4 25. Nxe4 Bxe4 26. Bc3 Kh7 27. Nc1 b5 28. Rde1 Bf5 29. c5 dxc5 30. bxc5 Rfe8 31. Na2 Ra4 32. Nb4 Bh8 33. Ra1 e4 34. Rxa4 Bxc3+ 35. Kxc3 bxa4 36. Kd4 e3 37. fxe3 Rxe3 38. d6 cxd6 39. cxd6 Rb3 40. Kc5 Rc3+ 41. Kb5 a3 42. Rg5 Bd7+ 43. Ka5 f3 44. Rc5 Rxc5+ 45. Kb6 Rc4 46. Nd5 Rd4 47. Nf6+ Kg6 48. Nxd7 Rxd6+ 0-1


[Site "https://www.chess.com"]

[Event "Titled Tuesday Blitz January 10 Early 2023"]
[White "Yelisieiev, Yevhenii"]
[Black "Perez Rodriguez, Jennifer"]
[WhiteFideId "14139642"]
[BlackFideId "3507831"]
[WhiteElo "2418"]
[BlackElo "2242"]
[Result "1-0"]
[Round "10"]
[TimeControl "180+2"]
[Date "2023.01.10"]
[WhiteClock "0:00:54"]
[BlackClock "0:01:12"]

1. d4 d5 2. Nf3 Nf6 3. c4 c6 4. Nc3 e6 5. e3 Nbd7 6. Qc2 Bd6 7. cxd5 exd5 8. Bd3 O-O 9. O-O Re8 10. h3 Qe7 11. a3 Ne4 12. b4 a6 13. Na4 Bc7 14. Nc5 Ndxc5 15. dxc5 Qf6 16. Bb2 Qh6 17. Nd2 Bxh3 18. Nxe4 dxe4 19. Bxe4 Bxg2 20. Kxg2 Qh2+ 21. Kf3 Qh3+ 22. Ke2 Qh5+ 23. Bf3 Qh4 24. Rh1 1-0


[Site "https://www.chess.com"]

[Event "Titled Tuesday Blitz January 10 Early 2023"]
[White "Bas Mas, Jose Joaquin"]
[Black "Ginzburg, Yakov"]
[WhiteFideId "22219064"]
[BlackFideId "4157176"]
[WhiteElo "2197"]
[BlackElo "2405"]
[Result "0-1"]
[Round "10"]
[TimeControl "180+2"]
[Date "2023.01.10"]
[WhiteClock "0:01:48"]
[BlackClock "0:02:14"]

1. e4 c5 2. Nf3 e6 3. c4 Nc6 4. d4 cxd4 5. Nxd4 Nf6 6. Nc3 Bc5 7. Nb3 Bb4 8. Bd3 O-O 9. O-O Bxc3 10. bxc3 d5 11. cxd5 exd5 12. exd5 Qxd5 13. c4 Qe5 14. Re1 Qc7 15. Bg5 Ng4 16. g3 Be6 17. Nc5 Qb6 18. Nxe6 Qxf2+ 19. Kh1 Qxh2# 0-1


[Site "https://www.chess.com"]

[Event "Titled Tuesday Blitz January 10 Early 2023"]
[White "Torres Dominguez, David"]
[Black "Iskusnyh, Sergei"]
[WhiteFideId "2220857"]
[BlackFideId "4120027"]
[WhiteElo "1994"]
[BlackElo "2440"]
[Result "0-1"]
[Round "10"]
[TimeControl "180+2"]
[Date "2023.01.10"]
[WhiteClock "0:00:34"]
[BlackClock "0:01:08"]

1. e4 e6 2. d4 d5 3. exd5 exd5 4. Bd3 c5 5. Nf3 Nf6 6. O-O Nc6 7. Re1+ Be7 8. dxc5 O-O 9. Be3 Ng4 10. Qd2 Nxe3 11. Qxe3 Qa5 12. Nbd2 Bxc5 13. Qg5 h6 14. Qh5 Qb6 15. Nb3 Bxf2+ 16. Kh1 Bxe1 17. Rxe1 Be6 18. Ng5 Rae8 19. Nxe6 Rxe6 20. Rxe6 fxe6 21. Qg6 Ne7 22. Qg4 Qe3 23. h3 Qe1+ 24. Kh2 Qe5+ 25. Kh1 Nf5 26. Bxf5 Qxf5 27. Qxf5 Rxf5 28. Kg1 e5 29. Nd2 e4 30. Nb3 e3 31. Nd4 Rf2 32. b3 Rd2 33. Nf3 Rxc2 34. a4 Rb2 0-1


[Site "https://www.chess.com"]

[Event "Titled Tuesday Blitz January 10 Early 2023"]
[White "Rustemov, Alexander"]
[Black "Campbell, Charles"]
[WhiteFideId "4119002"]
[BlackFideId "8500436"]
[WhiteElo "2525"]
[BlackElo "2179"]
[Result "1-0"]
[Round "10"]
[TimeControl "180+2"]
[Date "2023.01.10"]
[WhiteClock "0:01:36"]
[BlackClock "0:00:06"]

1. d4 Nf6 2. c4 e6 3. Nf3 b6 4. a3 Bb7 5. Nc3 d5 6. Bg5 Be7 7. Bxf6 Bxf6 8. cxd5 exd5 9. Qa4+ c6 10. g3 O-O 11. Rd1 Re8 12. Bg2 Nd7 13. O-O g6 14. e3 a6 15. Ne1 b5 16. Qc2 Rc8 17. Nd3 Be7 18. b4 Bd6 19. a4 Nb6 20. Nc5 Bxc5 21. dxc5 Nc4 22. e4 d4 23. Ne2 Ne5 24. Nxd4 Qf6 25. h3 Rcd8 26. Qc3 Qe7 27. f4 Nc4 28. e5 Rc8 29. Rfe1 Red8 30. Kh2 Re8 31. Nf3 Rcd8 32. Ng5 h6 33. Ne4 Rxd1 34. Rxd1 Rd8 35. Nd6 1-0


[Site "https://www.chess.com"]

[Event "Titled Tuesday Blitz January 10 Early 2023"]
[White "Lehtosaari, Mauri"]
[Black "Weetik, Vjacheslav"]
[WhiteFideId "501999"]
[BlackFideId "4153472"]
[WhiteElo "2176"]
[BlackElo "2423"]
[Result "1-0"]
[Round "10"]
[TimeControl "180+2"]
[Date "2023.01.10"]
[WhiteClock "0:00:36"]
[BlackClock "0:00:25"]

1. d4 Nf6 2. Nf3 g6 3. Bg5 Bg7 4. c3 O-O 5. Nbd2 d5 6. e3 Nbd7 7. Be2 c5 8. O-O Re8 9. h3 e5 10. dxe5 Nxe5 11. Nxe5 Rxe5 12. Nf3 Re8 13. Bb5 Rf8 14. Qe2 Qb6 15. Ba4 Be6 16. Rfd1 Ne4 17. Bf4 Rad8 18. Rab1 h6 19. Be5 f6 20. Bh2 g5 21. Nd2 f5 22. Nxe4 dxe4 23. Bb5 Bxa2 24. Bc4+ Bxc4 25. Qxc4+ Kh7 26. h4 Qc6 27. hxg5 hxg5 28. Rxd8 Rxd8 29. Qf7 Qd5 30. Qh5+ Bh6 31. Bg3 Rd7 32. Qe8 f4 33. exf4 gxf4 34. Bh4 e3 35. Bf6 Bg7 36. Bg5 e2 37. Qh5+ Kg8 38. Qxe2 Qxg5 39. Qe8+ Bf8 40. Qxd7 f3 41. Qe6+ Kg7 42. Qh3 1-0


[Site "https://www.chess.com"]

[Event "Titled Tuesday Blitz January 10 Early 2023"]
[White "Fisher_TheGalactic"]
[Black "Ordekalog"]
[WhiteElo "2530"]
[BlackElo "2635"]
[Result "1-0"]
[Round "10"]
[TimeControl "180+2"]
[Date "2023.01.10"]
[WhiteClock "0:00:05"]
[BlackClock "0:00:03"]

1. Nf3 d5 2. d4 c5 3. e3 e6 4. c3 f5 5. Bd3 Nf6 6. O-O Nbd7 7. Nbd2 Bd6 8. c4 O-O 9. cxd5 Nxd5 10. Nc4 Bc7 11. dxc5 Nxc5 12. Bb1 Qf6 13. Qd4 b6 14. b3 Bb7 15. Bb2 Qh6 16. h3 Rad8 17. Nce5 Ne4 18. Bxe4 fxe4 19. Qxe4 Ba8 20. Ng4 Qh5 21. Qxe6+ Kh8 22. Qh6 Qxh6 23. Nxh6 Nf6 24. Nf5 Nh5 25. N5d4 Rde8 26. Rac1 Bb8 27. Ba3 Rf7 28. Ng5 Rf6 29. Ngf3 Rg6 30. Kh1 Nf6 31. Rc2 Ne4 32. Rfc1 Bb7 33. Nf5 Ng5 34. N5h4 Rh6 35. Nxg5 Rxh4 36. Kg1 h6 37. Nf7+ Kg8 38. Nd6 Bxd6 39. Bxd6 Rh5 40. Bg3 Rd5 41. Rc7 Ba6 42. Rxa7 Bd3 43. Rcc7 Kh8 44. Rxg7 Be4 45. Rgf7 Rd1+ 46. Kh2 Rd6 47. Bxd6 1-0


[Site "https://www.chess.com"]

[Event "Titled Tuesday Blitz January 10 Early 2023"]
[White "Hsu, Li Yang"]
[Black "Ronka, Erik"]
[WhiteFideId "5800080"]
[BlackFideId "505080"]
[WhiteElo "2427"]
[BlackElo "2276"]
[Result "0-1"]
[Round "10"]
[TimeControl "180+2"]
[Date "2023.01.10"]
[WhiteClock "0:00:44"]
[BlackClock "0:00:35"]

1. Nf3 f5 2. b3 d6 3. d4 e6 4. Bb2 Nf6 5. g3 Be7 6. Bg2 O-O 7. O-O Qe8 8. Nbd2 Nc6 9. c4 Bd8 10. Qc2 e5 11. dxe5 dxe5 12. e4 f4 13. c5 Qh5 14. Nc4 Re8 15. Rad1 Bh3 16. a3 Ng4 17. b4 Rf8 18. Rd5 Bxg2 19. Kxg2 fxg3 20. fxg3 Rxf3 21. Kxf3 Nxh2+ 22. Kg2 Nxf1 23. Kxf1 Qh1+ 24. Ke2 Bg5 25. Qd1 Qxe4+ 0-1


[Site "https://www.chess.com"]

[Event "Titled Tuesday Blitz January 10 Early 2023"]
[White "Korchmar, Vasiliy"]
[Black "Kamalidenova, Meruert"]
[WhiteFideId "24131750"]
[BlackFideId "13712802"]
[WhiteElo "2438"]
[BlackElo "2350"]
[Result "0-1"]
[Round "10"]
[TimeControl "180+2"]
[Date "2023.01.10"]
[WhiteClock "0:01:25"]
[BlackClock "0:00:47"]

1. Nf3 Nf6 2. g3 b6 3. Bg2 Bb7 4. b3 e6 5. Bb2 Be7 6. O-O O-O 7. c4 c5 8. d4 cxd4 9. Nxd4 Bxg2 10. Kxg2 d5 11. Nd2 Nbd7 12. Nc6 Qe8 13. cxd5 Nxd5 14. Nc4 Bc5 15. a3 N7f6 16. N6e5 Rd8 17. Qc2 b5 18. b4 Bxf2 19. Rxf2 bxc4 20. Nxc4 Rc8 21. Rf3 Ng4 22. Bd4 Qb5 23. Bc5 Rxc5 24. bxc5 Qxc4 25. Qxc4 Nge3+ 26. Kf2 Nxc4 27. Rc1 Ne5 28. Rb3 Rc8 29. c6 g5 30. e4 Nb6 31. c7 Kf8 32. a4 Ke7 33. a5 Nbd7 34. Rb7 Nd3+ 35. Ke3 Nxc1 36. Rxa7 Nb3 37. a6 Nbc5 38. Kd4 Nxa6 39. Rxa6 Rxc7 40. Ra5 e5+ 41. Kd5 Rc2 42. Ra6 Rc5# 0-1


[Site "https://www.chess.com"]

[Event "Titled Tuesday Blitz January 10 Early 2023"]
[White "Tologon tegin, Semetei"]
[Black "Gheorghiu, Calin"]
[WhiteFideId "13800574"]
[BlackFideId "1200305"]
[WhiteElo "2372"]
[BlackElo "2313"]
[Result "1-0"]
[Round "10"]
[TimeControl "180+2"]
[Date "2023.01.10"]
[WhiteClock "0:01:19"]
[BlackClock "0:00:52"]

1. e4 b6 2. d4 Bb7 3. Bd3 e6 4. Nf3 d5 5. e5 c5 6. c3 Nc6 7. O-O Nge7 8. Be3 Nf5 9. Bxf5 exf5 10. Nbd2 Be7 11. Re1 O-O 12. Nf1 Qd7 13. Qd2 Nd8 14. Ng3 Rc8 15. a3 Re8 16. Bg5 Bf8 17. Qf4 g6 18. Qh4 Ne6 19. Bf6 Be7 20. Nxf5 gxf5 21. Ng5 Nf8 22. Qh6 1-0


[Site "https://www.chess.com"]

[Event "Titled Tuesday Blitz January 10 Early 2023"]
[White "Djokovic, Nebojsa"]
[Black "Degenbaev, Aziz"]
[WhiteFideId "938300"]
[BlackFideId "13802640"]
[WhiteElo "2119"]
[BlackElo "2203"]
[Result "1-0"]
[Round "10"]
[TimeControl "180+2"]
[Date "2023.01.10"]
[WhiteClock "0:01:31"]
[BlackClock "0:00:07"]

1. c4 Nf6 2. Nf3 g6 3. g3 Bg7 4. Bg2 O-O 5. O-O c5 6. Nc3 Nc6 7. d3 d5 8. cxd5 Nxd5 9. Bd2 Nxc3 10. Bxc3 Nd4 11. Rc1 Rb8 12. e3 Nxf3+ 13. Bxf3 b6 14. Qd2 e5 15. Rfd1 Qd7 16. b4 cxb4 17. Bxb4 Rd8 18. Bc6 Qe6 19. d4 exd4 20. exd4 Rxd4 21. Qxd4 Bxd4 22. Rxd4 Ba6 23. Rd6 Qxa2 24. Rcd1 Qc4 25. Bd2 Rc8 26. Bh6 Rf8 27. Rd8 1-0


[Site "https://www.chess.com"]

[Event "Titled Tuesday Blitz January 10 Early 2023"]
[White "Tasev, Dejan"]
[Black "Bozorov, Makhsum"]
[WhiteFideId "936618"]
[BlackFideId "14201330"]
[WhiteElo "2205"]
[BlackElo "2145"]
[Result "1-0"]
[Round "10"]
[TimeControl "180+2"]
[Date "2023.01.10"]
[WhiteClock "0:00:12"]
[BlackClock "0:00:01"]

1. e4 e5 2. Nf3 Nf6 3. Nxe5 d6 4. Nf3 Nxe4 5. Nc3 Nxc3 6. dxc3 Be7 7. Bf4 Nc6 8. Qd2 Be6 9. O-O-O Qd7 10. Kb1 a6 11. h3 O-O-O 12. g4 h5 13. g5 Bf5 14. Bg2 Rde8 15. Nd4 Ne5 16. Nxf5 Qxf5 17. h4 Kb8 18. Bg3 Nc4 19. Qd4 Qb5 20. b3 Ne5 21. a4 Qb6 22. Qxb6 cxb6 23. Rhe1 f6 24. f4 Ng4 25. Be4 Bd8 26. Bg6 Rxe1 27. Rxe1 Bc7 28. c4 d5 29. cxd5 fxg5 30. hxg5 h4 31. Rh1 h3 32. Bf5 Ne3 33. Rxh3 Rxh3 34. Bxh3 Nxd5 35. Be6 Nxf4 36. Bf7 Nh3 37. Bh4 Bf4 38. g6 Be5 39. Kc1 Nf4 40. Kd2 Kc7 41. Bg5 Kd6 42. Ke3 Nd5+ 43. Kf3 Nb4 44. c4 b5 45. axb5 axb5 46. cxb5 Kc5 47. Bc4 Nc2 48. Ke4 Ba1 49. Be7+ Kb6 50. b4 Bb2 51. Bc5+ Kc7 52. b6+ Kc8 53. Be6+ Kb8 54. Bd6+ Ka8 55. Bd5 Ba3 56. Bf8 Bb2 57. Kd3 Ne1+ 58. Ke2 Nc2 59. Bc5 Na3 60. Kd3 Nb5 61. Bg2 1-0


[Site "https://www.chess.com"]

[Event "Titled Tuesday Blitz January 10 Early 2023"]
[White "Yaksin, Oleg"]
[Black "Stanojevic, Ilija"]
[WhiteFideId "24105880"]
[BlackFideId "959995"]
[WhiteElo "2389"]
[BlackElo "2142"]
[Result "1-0"]
[Round "10"]
[TimeControl "180+2"]
[Date "2023.01.10"]
[WhiteClock "0:01:48"]
[BlackClock "0:00:03"]

1. Nf3 Nf6 2. g3 d5 3. Bg2 c5 4. O-O Nc6 5. d4 cxd4 6. Nxd4 g6 7. c4 Bg7 8. Nc3 Nxd4 9. Qxd4 O-O 10. cxd5 Bf5 11. Qb4 Qd7 12. Bf4 Bh3 13. Rfd1 Bxg2 14. Kxg2 Rfd8 15. e4 Ne8 16. e5 e6 17. d6 f6 18. Ne4 fxe5 19. Bg5 Rdc8 20. Rac1 Rc6 21. Rxc6 Qxc6 22. Rc1 Qd7 23. Qc5 h6 24. Be7 b6 25. Qc6 Qxc6 26. Rxc6 Rb8 27. d7 1-0


[Site "https://www.chess.com"]

[Event "Titled Tuesday Blitz January 10 Early 2023"]
[White "Khalafova, Narmin"]
[Black "Osmak, Yuliia"]
[WhiteFideId "13402625"]
[BlackFideId "14101602"]
[WhiteElo "2246"]
[BlackElo "2440"]
[Result "0-1"]
[Round "10"]
[TimeControl "180+2"]
[Date "2023.01.10"]
[WhiteClock "0:00:05"]
[BlackClock "0:00:34"]

1. e4 c6 2. Nc3 d5 3. Nf3 Bg4 4. h3 Bxf3 5. Qxf3 e6 6. d3 Nf6 7. Bd2 Nbd7 8. O-O-O d4 9. Ne2 e5 10. g4 c5 11. Kb1 Nb6 12. g5 Nfd7 13. h4 Bd6 14. Ng3 g6 15. Qg4 Qc7 16. h5 O-O-O 17. Bg2 c4 18. Bc1 Kb8 19. Rhf1 Rc8 20. Qe2 c3 21. b3 a5 22. Bh3 a4 23. Bxd7 Qxd7 24. Qf3 axb3 25. axb3 Kc7 26. Qe2 Ra8 27. f4 Ra5 28. fxe5 Bxe5 29. Bf4 Bxf4 30. Rxf4 Rha8 0-1


[Site "https://www.chess.com"]

[Event "Titled Tuesday Blitz January 10 Early 2023"]
[White "Melian, Juan Sebastian"]
[Black "Qashashvili, Alexandre"]
[WhiteFideId "3706575"]
[BlackFideId "13600842"]
[WhiteElo "2293"]
[BlackElo "2505"]
[Result "0-1"]
[Round "10"]
[TimeControl "180+2"]
[Date "2023.01.10"]
[WhiteClock "0:00:28"]
[BlackClock "0:00:23"]

1. d4 c6 2. Nf3 d5 3. Nbd2 Nf6 4. c4 Bf5 5. e3 e6 6. Nh4 Bg4 7. Qb3 b6 8. cxd5 exd5 9. Bd3 Bd6 10. Nf5 Bxf5 11. Bxf5 O-O 12. O-O Qe7 13. h3 Nbd7 14. Re1 g6 15. Bd3 Rfe8 16. Qd1 c5 17. dxc5 bxc5 18. Nf3 Ne5 19. Be2 Rad8 20. Rb1 Ne4 21. g3 Qe6 22. Kg2 Nxf2 23. Kxf2 Qxh3 24. Nxe5 Qh2+ 25. Kf1 Rxe5 26. Bf3 Qxg3 27. Ke2 d4 28. Rf1 Qf4 29. e4 Rxe4+ 30. Bxe4 Qxe4+ 31. Kf2 Qxb1 32. Qf3 Qc2+ 33. Kg1 Qh2# 0-1


[Site "https://www.chess.com"]

[Event "Titled Tuesday Blitz January 10 Early 2023"]
[White "Lesbekova, Assel"]
[Black "Mendez Fortes, Eduardo Jesus"]
[WhiteFideId "13713248"]
[BlackFideId "3502376"]
[WhiteElo "1772"]
[BlackElo "2250"]
[Result "0-1"]
[Round "10"]
[TimeControl "180+2"]
[Date "2023.01.10"]
[WhiteClock "0:00:33"]
[BlackClock "0:01:10"]

1. e4 e5 2. Nf3 Nc6 3. d4 exd4 4. Nxd4 Nf6 5. Nc3 Bb4 6. Nxc6 bxc6 7. Qd4 Qe7 8. Bd3 d5 9. O-O c5 10. Qe3 d4 11. Qd2 dxc3 12. bxc3 Ba5 13. e5 Nd7 14. Rb1 O-O 15. Be4 Ba6 16. Bxa8 Bxf1 17. Bc6 Nxe5 18. Kxf1 Nxc6 19. Qd5 Rd8 20. Qh5 Bxc3 21. Be3 Bd4 22. Bg5 Bf6 23. Re1 Qd6 24. Bxf6 Qxf6 25. Qxc5 h6 26. g3 Qd6 27. Qf5 Nd4 28. Qd3 Ne6 29. Qe3 Qd4 30. Qa3 Qc4+ 31. Kg1 Nd4 32. Re7 Qd5 33. h4 c5 34. Qe3 Nf5 35. Re8+ Rxe8 36. Qxe8+ Kh7 37. Qb8 Qd1+ 38. Kg2 Qxc2 39. Qxa7 Qe4+ 40. f3 Qe2+ 41. Kh3 Qxf3 42. Qc7 c4 0-1


[Site "https://www.chess.com"]

[Event "Titled Tuesday Blitz January 10 Early 2023"]
[White "Ibarra Jerez, Jose Carlos"]
[Black "Fajdetic, Hrvoje"]
[WhiteFideId "2226332"]
[BlackFideId "14501945"]
[WhiteElo "2563"]
[BlackElo "2151"]
[Result "1-0"]
[Round "10"]
[TimeControl "180+2"]
[Date "2023.01.10"]
[WhiteClock "0:01:53"]
[BlackClock "0:00:16"]

1. e4 e6 2. d4 d5 3. Bd3 dxe4 4. Bxe4 Nf6 5. Bf3 Nbd7 6. Ne2 Bd6 7. O-O e5 8. Ng3 O-O 9. Nf5 e4 10. Be2 Re8 11. Nxd6 cxd6 12. c4 Nf8 13. Nc3 d5 14. c5 Ng6 15. Nb5 Re6 16. Be3 Ne8 17. f4 f5 18. b4 a6 19. Nc3 Nc7 20. a4 Bd7 21. Qb3 Be8 22. b5 Bf7 23. b6 Ne8 24. Qxd5 Qe7 25. Qxf5 Rf6 26. Qh3 Nf8 27. d5 Rh6 28. Qg3 Nf6 29. f5 N8d7 30. Bxh6 1-0


[Site "https://www.chess.com"]

[Event "Titled Tuesday Blitz January 10 Early 2023"]
[White "Avazkhonov, Alikhon"]
[Black "Ioannidis, Evgenios"]
[WhiteFideId "14208504"]
[BlackFideId "4229274"]
[WhiteElo "1538"]
[BlackElo "2467"]
[Result "0-1"]
[Round "10"]
[TimeControl "180+2"]
[Date "2023.01.10"]
[WhiteClock "0:00:45"]
[BlackClock "0:00:45"]

1. d4 Nf6 2. c4 e6 3. Nc3 Bb4 4. e3 O-O 5. Bd2 c5 6. a3 Bxc3 7. Bxc3 Ne4 8. Ne2 b6 9. d5 Bb7 10. f3 Qh4+ 11. g3 Nxc3 12. Nxc3 Qh6 13. e4 f5 14. Qd2 Qxd2+ 15. Kxd2 fxe4 16. fxe4 Rf2+ 17. Be2 d6 18. Raf1 Rxf1 19. Rxf1 exd5 20. exd5 Nd7 21. Nb5 Ne5 22. Nxd6 Bc8 23. Bd3 Bh3 24. Rf4 Rd8 25. Nf5 g5 26. Ne7+ Kg7 27. Rf2 b5 28. b3 bxc4 29. bxc4 Rb8 30. Kc3 Nxd3 31. Kxd3 Rb3+ 32. Ke4 Rxa3 33. d6 Be6 34. Ke5 Re3# 0-1


[Site "https://www.chess.com"]

[Event "Titled Tuesday Blitz January 10 Early 2023"]
[White "Csonka, Balazs"]
[Black "Gracia Alvarez, Gerardo Antonio"]
[WhiteFideId "742910"]
[BlackFideId "5109124"]
[WhiteElo "2496"]
[BlackElo "2238"]
[Result "1-0"]
[Round "10"]
[TimeControl "180+2"]
[Date "2023.01.10"]
[WhiteClock "0:01:04"]
[BlackClock "0:01:34"]

1. d4 d5 2. c4 e6 3. Nc3 c5 4. e3 Nf6 5. Nf3 a6 6. cxd5 exd5 7. g3 Nc6 8. Bg2 Be7 9. O-O O-O 10. b3 Bf5 11. Bb2 Rc8 12. dxc5 Bxc5 13. Nh4 Be6 14. Ne2 Ne4 15. Nf3 Qe7 16. Nf4 Rfd8 17. Nd4 Ba7 18. Ndxe6 fxe6 19. Qg4 e5 20. Nxd5 1-0


[Site "https://www.chess.com"]

[Event "Titled Tuesday Blitz January 10 Early 2023"]
[White "Vlassov, Nikolai"]
[Black "Dudzinski, Pawel"]
[WhiteFideId "4103360"]
[BlackFideId "1117890"]
[WhiteElo "2283"]
[BlackElo "2186"]
[Result "1-0"]
[Round "10"]
[TimeControl "180+2"]
[Date "2023.01.10"]
[WhiteClock "0:01:15"]
[BlackClock "0:00:50"]

1. e4 c6 2. d4 d5 3. e5 c5 4. dxc5 e6 5. Nf3 Bxc5 6. a3 Qb6 7. Qd2 a5 8. Bd3 Nc6 9. O-O Nge7 10. c4 Bd7 11. Nc3 Nd4 12. Nxd4 Bxd4 13. cxd5 exd5 14. Qg5 Ng6 15. Nxd5 Qc5 16. Be4 Nxe5 17. Be3 O-O 18. Qxe5 Bxe3 19. fxe3 f6 20. Nxf6+ 1-0


[Site "https://www.chess.com"]